 Dungeon Crawl Stone Soup version 0.31-a0-574-g69dc8cc98e (webtiles) character file.

Game seed: 12509978116745491361

113 CowFu the Chopper (level 4, -7/37 (39) HPs)
             Began as a Hill Orc Fighter on Aug 18, 2023.
             Was a Follower of Vehumet.
             Mangled by Crazy Yiuf
             ... wielding a +3 quarterstaff of chaos
              (10 damage)
             ... on level 2 of the Dungeon.
             The game lasted 00:02:26 (2085 turns).

CowFu the Chopper (Hill Orc Fighter)                Turns: 2085, Time: 00:02:27

HP:   -7/37 (39)    AC:  6    Str: 20    XL:     4   Next: 96%
MP:   3/4           EV:  9    Int:  8    God:    Vehumet [*.....]
Gold: 123           SH:  4    Dex: 10    Spells: 3/3 levels left

rFire   . . .        a - +0 war axe
rCold   . . .        c - +0 buckler
rNeg    . . .        b - +0 scale mail
rPois   .            (no helmet)
rElec   .            (no cloak)
rCorr   .            (no gloves)
SInv    .            (no boots)
Will    .....        (no amulet) Stlth
                     (no ring)
HPRegen 0.26/turn    (no ring)
MPRegen 0.09/turn

%: no passive effects
@: drained
A: no striking features
a: Renounce Religion


You were on level 2 of the Dungeon.
You worshipped Vehumet.
Vehumet was aware of your devotion.
You visited 1 branch of the dungeon, and saw 2 of its levels.

You collected 123 gold pieces.

Inventory:

Hand Weapons
 a - a +0 war axe (weapon)
Armour
 b - a +0 scale mail (worn)
 c - a +0 buckler (worn)
 p - the +0 hat "Ehaon" {Fly rF+ rC++ Int-4}
   (You found it on level 2 of the Dungeon)

   Int-4:     It affects your intelligence (-4).
   rF+:       It protects you from fire.
   rC++:      It greatly protects you from cold.
   Fly:       It grants you flight.
Jewellery
 h - a ring of ice
Scrolls
 f - a scroll of summoning {unknown}
 g - 4 scrolls of identify {unknown}
 i - a scroll of torment {unknown}
 j - a scroll of teleportation {unknown}
 k - a scroll of blinking {unknown}
 l - a scroll of enchant armour {unknown}
 m - a scroll of fear {unknown}
 n - a scroll of revelation {unknown}
 o - a scroll of vulnerability {unknown}
Potions
 d - a potion of might
 e - a potion of lignification


   Skills:
 - Level 3.6 Fighting
 + Level 6.6 Axes
 - Level 3.2 Armour
 - Level 3.2 Shields


You had 3 spell levels left.
You didn't know any spells.
Your spell library contained the following spells:

 Spells                   Type           Power      Damage    Failure   Level
 Shock                    Conj/Air       0%         1d3       83%         1
 Wereblood                Tmut           0%         N/A       93%         2
 Irradiate                Conj/Tmut      0%         3d11      100%        5


Dungeon Overview and Level Annotations

Branches:
Dungeon (2/15)

Altars:
Vehumet

Shops:
D:2 :

Annotations:
D:2 Crazy Yiuf


Message History

You completely miss Crazy Yiuf.
Crazy Yiuf hits you with a +3 quarterstaff of chaos!
You feel yourself slow down.
You slash Crazy Yiuf!
Crazy Yiuf is heavily wounded.
Crazy Yiuf barely misses you.
Crazy Yiuf hits you with a +3 quarterstaff of chaos.
Crazy Yiuf cries, "Announcement sizzlefizz toodlewoodle!"
Crazy Yiuf is nearby!
Crazy Yiuf is nearby!
Crazy Yiuf is nearby!
Crazy Yiuf is nearby!
Crazy Yiuf puts on a burst of speed as he pursues you!
You block Crazy Yiuf's attack.
You barely miss Crazy Yiuf.
Crazy Yiuf is moderately wounded.
Crazy Yiuf barely misses you.
Crazy Yiuf hits you with a +3 quarterstaff of chaos!
Crazy Yiuf draws strength from your wounds!
You closely miss Crazy Yiuf.
Crazy Yiuf is lightly wounded.
Crazy Yiuf hits you with a +3 quarterstaff of chaos.
* * * LOW HITPOINT WARNING * * *
You feel drained.
* * * LOW HITPOINT WARNING * * *
Crazy Yiuf cries, "Gnoll!"
Crazy Yiuf barely misses you.
Crazy Yiuf hits you with a +3 quarterstaff of chaos.
* * * LOW HITPOINT WARNING * * *
You feel your power leaking away.
Crazy Yiuf flaps his cloak.
Crazy Yiuf hits you with a +3 quarterstaff of chaos.
* * * LOW HITPOINT WARNING * * *
You resist with some effort.
Crazy Yiuf whimpers, "Fluff turtle broken!"
You block Crazy Yiuf's attack. Crazy Yiuf closely misses you.
You feel yourself speed up.
Crazy Yiuf hits you with a +3 quarterstaff of chaos!
You die...

#.# ##.##..#..>.##.......#
#.####.##.###..###########
#....#.##..#...#
####.#.###...#.# #.#.#
##.##.##♣♣ ###
#.#.####.##.#..♣♣ ♣♣#..)#
#.....##........♣♣♣♣.'...#
#.###.##..#......♣..♣#...#
#.# #.....@g#...♣.♣♣♣ ###
#.###.......##♣♣♣♣♣
#.....##.#### ########.#
############## #.#
#.#..........# #.#
#.##.........# ###.#
#.###.......## #...# #.#
##.....## #.#####.#
#....######


You could see Crazy Yiuf (pursuing).

Vanquished Creatures
  An orc wizard (D:2)
  2 adders (D:2)
  A worm (D:1)
  A dart slug (D:1)
  4 orcs (D:2)
  6 ball pythons
  8 endoplasms
  4 giant cockroaches
  2 goblins
  5 hobgoblins
  3 jackals (D:1)
  7 bats
  2 frilled lizards
  4 kobolds
  8 rats (D:1)
58 creatures vanquished.

Notes
Turn   | Place    | Note
-------+----------+-------------------------------------------
     0 | D:1      | CowFu the Hill Orc Fighter began the quest for the Orb.
     0 | D:1      | Reached XP level 1. HP: 19/19 MP: 1/1
     2 | D:1      | Found a runed translucent door.
    31 | D:1      | Reached skill level 3 in Axes
   165 | D:1      | Reached XP level 2. HP: 4/26 MP: 2/2
   313 | D:1      | Reached skill level 4 in Axes
   670 | D:1      | Reached XP level 3. HP: 31/31 MP: 3/3
  1014 | D:1      | Reached skill level 5 in Axes
  1119 | D:2      | Reached XP level 4. HP: 32/39 MP: 4/4
  1167 | D:2      | Found Gibulud's Book Shop.
  1213 | D:2      | Reached skill level 6 in Axes
  1759 | D:2      | Found a faded altar of an unknown god.
  1771 | D:2      | Identified the +0 hat "Ehaon" {Fly rF+ rC++ Int-4}
  1796 | D:2      | Prayed at the altar of an unknown god.
  1796 | D:2      | Became a worshipper of Vehumet
  1796 | D:2      | Reached * piety under Vehumet
  1796 | D:2      | Offered knowledge of Shock by Vehumet.
  1923 | D:2      | Found a runed translucent door.
  1924 | D:2      | Noticed Crazy Yiuf
  2080 | D:2      | HP: 1/37 [Crazy Yiuf/+3 quarterstaff of chaos (6)]
  2085 | D:2      | Mangled by Crazy Yiuf

Illustrated notes

Levels and vault maps discovered:
D:1:      dpeg_arrival_caged_fury, layout_basic, st_stairs_3
D:2:      layout_loops_ring, serial_shops, nicolae_shop_advertising_works
          [nicolae_subvault_shop_adworks], shapermc_ecumenical_altar_pompeii,
          kennysheep_generic_room_14, uniq_crazy_yiuf_cottage

Skill      XL: |  1  2  3  4 |
---------------+-------------+-----
Axes           | 3 4 5 6 |  6.6
Fighting       | |  3.6
Armour         | |  3.2
Shields        | |  3.2

Action                     |  1- 3 |  4- 6 || total
---------------------------+-------+-------++-------
  Melee: War axe           |   100 |    56 ||   156
    Use: Potion            |       |     1 ||     1
 Armour: Scale mail        |    42 |    25 ||    67
         Skin              |       |     7 ||     7
  Dodge: Dodged            |    57 |    21 ||    78
  Block: Buckler           |    22 |    16 ||    38

Table legend: (Time is in decaauts)
 A = Elapsed time spent in this place.
 B = Non-inter-level travel time spent in this place.
 C = Inter-level travel time spent in this place.
 D = Time resting spent in this place.
 E = Time spent auto-exploring this place.
 F = Levels seen in this place.
 G = Mean time per level.
                   A        B        C        D        E       F      G
               +--------+--------+--------+--------+--------+-----+--------+
         Total |   2135 |   2131 |      4 |      0 |   1764 |   2 | 1067.5 |
       Dungeon |   2135 |   2131 |      4 |      0 |   1764 |   2 | 1067.5 |
               +--------+--------+--------+--------+--------+-----+--------+

Top non-repeatable levels by time:
     D:1: 1075 daAuts
     D:2: 1060 daAuts
